 Dungeon Crawl Stone Soup version 0.18.1-5-g4a78601 (webtiles) character file.

753302 Jorlmund the Shatterer (level 27, -12/209 HPs)
             Began as a Demonspawn Berserker on May 3, 2016.
             Was a Priest of Ashenzari.
             Killed from afar by a hellion (38 damage)
             ... with damnation
             ... in Pandemonium on May 11, 2016.
             The game lasted 08:47:43 (96971 turns).

Jorlmund the Shatterer (Demonspawn Berserker)      Turns: 96971, Time: 08:47:44

Health: -12/209    AC: 30    Str: 34    XL:     27
Magic:  0/36       EV: 19    Int: 12    God:    Ashenzari [***...]
Gold:   4621       SH:  9    Dex: 15    Spells: 2 memorised, 41 levels left

rFire  + + +     SeeInvis +     v - +9 demon whip (vamp)
rCold  + + +     Gourm    .     O - +2 gold dragon armour (curse)
rNeg   + + +     Faith    .     e - +1 buckler {AC+3}
rPois  +         Spirit   +     o - +1 helmet "Quennuug" {rElec Slay+3}
rElec  +         Dismiss  .     S - +0 cloak of Tyn Bum {rCorr Str+3 Dex+4}
rCorr  +         Reflect  .     Q - +0 pair of gloves of Vapn {rF+ rC+ MR+} (curse)
SustAt .         Harm     .     (boots unavailable)
MR     +++..     Rnd*Rage +     V - amulet of the Shining Light {RegenMP +Blink rN++} (curse)
Stlth  ..........               B - ring "Hobifeth" {rC+ rN++ EV+5 Dex-3 SInv} (curse)
                                X - +5 ring of strength

@: about to teleport, very slightly contaminated, hasted, repel missiles, very
quick, extremely resistant to hostile enchantments, extremely unstealthy
A: talons 3, repulsion field 3, berserk 1, blurry vision 1, deformed body, fire
resistance 1, hurl damnation, frail 1, powered by death 3, magic shield, magic
regeneration, magic link, flame cloud immunity, sturdy frame 1
a: Damnation, Curse Item, Scrying, Renounce Religion, Evoke Blink
}: 3/15 runes: decaying, silver, demonic


You were in Pandemonium.
You worshipped Ashenzari.
Ashenzari was most pleased with you.
You were very hungry.

You visited 13 branches of the dungeon, and saw 59 of its levels.
You visited Pandemonium 3 times, and saw 8 of its levels.
You visited 1 bazaar.
You also visited: Trove, Ice Cave and Wizlab.

You collected 9659 gold pieces.
You spent 5038 gold pieces at shops.

Inventory:

Hand Weapons
 a - a +6 eveningstar of electrocution
 b - a +3 greatsling of flaming
 v - a +9 vampiric demon whip (weapon)
 A - a +0 executioner's axe
Missiles
 g - 1219 stones (quivered)
Armour
 e - a +1 buckler of protection (worn)
 o - the +1 helmet "Quennuug" (worn) {rElec Slay+3}
   (You found it on level 1 of the Vaults)

   It affects your accuracy and damage with ranged weapons and melee attacks
   (+3).
   It insulates you from electricity.
 q - a +1 large shield of reflection
 O - a cursed +2 gold dragon armour (worn)
 Q - the cursed +0 pair of gloves of Vapn (worn) {rF+ rC+ MR+}
   (You found it on level 12 of the Dungeon)

   It protects you from fire.
   It protects you from cold.
   It affects your resistance to hostile enchantments.
   It has a curse placed upon it.
 S - the +0 cloak of Tyn Bum (worn) {rCorr Str+3 Dex+4}
   (You bought it in a shop in a bazaar)

   It affects your strength (+3).
   It affects your dexterity (+4).
   It protects you from acid and corrosion.
Rods
 T - a +2 rod of shadows (12/12)
   (You took it off a necromancer on level 3 of the Crypt)
Jewellery
 h - an uncursed amulet of regeneration
 B - the cursed ring "Hobifeth" (right hand) {rC+ rN++ EV+5 Dex-3 SInv}
   (You found it on level 2 of the Vaults)

   [ring of evasion]

   It affects your evasion (+5).
   It affects your dexterity (-3).
   It protects you from cold.
   It greatly protects you from negative energy.
   It lets you see invisible.
   It has a curse placed upon it.
 G - the amulet of Cekugob {Dismiss -Tele rElec rPois rN++ AC+1 EV+1}
   (You bought it in a shop on level 2 of the Orcish Mines)

   [amulet of dismissal]

   It may teleport away creatures that harm you.
   It affects your AC (+1).
   It affects your evasion (+1).
   It insulates you from electricity.
   It protects you from poison.
   It greatly protects you from negative energy.
   It prevents most forms of teleportation.
 L - an uncursed ring of flight
 N - an uncursed ring of protection from cold
 V - the cursed amulet of the Shining Light (around neck) {RegenMP +Blink rN++}
   (You acquired it in Pandemonium)

   [amulet of magic regeneration]

   It increases your magic regeneration.
   It greatly protects you from negative energy.
   It lets you blink.
   It has a curse placed upon it.
 X - a +5 ring of strength (left hand)
Wands
 l - a wand of digging (20/24)
 H - a wand of disintegration (9/24)
 R - a wand of acid (7/15)
Scrolls
 i - 16 scrolls of remove curse
 j - 12 scrolls of teleportation
 k - 12 scrolls of magic mapping
 n - 37 scrolls of identify
 r - 3 scrolls of summoning
 s - 2 scrolls of enchant armour
 t - 6 scrolls of fear
 P - 8 scrolls of fog
Potions
 d - 5 potions of might
 f - 6 potions of agility
 p - 8 potions of cure mutation
 w - 9 potions of ambrosia
 x - a potion of brilliance
 z - a potion of heal wounds
 C - a potion of resistance
 D - 2 potions of berserk rage
 E - 2 potions of haste
 I - 16 potions of curing
 J - 3 potions of cancellation
 K - a potion of invisibility
Books
 F - a book of the Tempests

   Spells                             Type                      Level
   a - Static Discharge               Conjuration/Air              3
   b - Lightning Bolt                 Conjuration/Air              5
   c - Fireball                       Conjuration/Fire             5
   d - Tornado                        Air                          9
   e - Shatter                        Earth                        9
 U - a book of Battle

   Spells                             Type                      Level
   a - Infusion                       Charms                       1
   b - Shroud of Golubria             Charms/Translocation         2
   c - Song of Slaying                Charms                       2
   d - Spectral Weapon                Hexes/Charms                 3
   e - Regeneration                   Charms/Necromancy            3
Miscellaneous
 u - a sack of spiders
 y - a phantom mirror
Comestibles
 c - 33 bread rations
 m - 15 royal jellies
 M - 29 fruits
 W - 13 meat rations


   Skills:
 + Level 22.6 Fighting
 + Level 26.7 Maces & Flails
 + Level 13.8 Slings
   Level 8.2 Bows
 * Level 22.5 Armour
 + Level 3.8 Dodging
 * Level 16.6 Shields
 * Level 9.9 Spellcasting
 * Level 8.4(10.3) Charms
 + Level 7.4(9.4) Translocations
 + Level 0.4(1.1) Evocations


You had 41 spell levels left.
You knew the following spells:

 Your Spells              Type           Power        Failure   Level  Hunger
a - Blink                 Tloc           N/A          1%          2    None
b - Swiftness             Chrm/Air       ###.....     12%         2    None


Dungeon Overview and Level Annotations

Branches:
Dungeon (15/15)            Temple (1/1) D:7            Lair (8/8) D:8
  Swamp (4/4) Lair:6       Spider (4/4) Lair:5        Slime (3/6) Lair:7
    Orc (2/2) D:9             Elf (3/3) Orc:2        Vaults (5/5) D:13
  Crypt (3/3) Vaults:3     Depths (5/5) D:15           Hell (1/1)
    Dis (0/7) Hell            Geh (0/7) Hell            Coc (0/7) Hell
    Tar (0/7) Hell            Zot (5/5) Depths:5
   Tomb: Crypt:3

Altars:
Ashenzari
Cheibriados
Dithmenos
Elyvilon
Fedhas
Gozag
Kikubaaqudgha
Makhleb
Nemelex Xobeh
Okawaru
Pakellas
Qazlal
Ru
Sif Muna
Trog
Vehumet
Xom
Yredelemnul
Zin
The Shining One
Beogh
Jiyva

Shops:
D:6 ?   D:8 }   D:9 ?   Orc:2 =(=!*   Elf:1 (   Elf:2 [   Vaults:2 ?
Vaults:3 ?   Vaults:5 (   Depths:1 *

Portals:
Hell: Depths:1 Depths:2 Depths:3 Depths:4 Depths:5
Abyss: Depths:2 Depths:4
Pandemonium: Depths:1 Depths:3
Ziggurat: Depths:2

Annotations:
Zot:4 exclusion: 5 oklob plants


Innate Abilities, Weirdness & Mutations

You have claws for feet.
You are surrounded by a strong repulsion field (EV +4, rMsl).
Your flesh is heat resistant.
You can hurl damnation.
You regenerate a lot of health from kills.
When hurt, damage is shared between your health and your magic reserves.
You regenerate magic rapidly.
When low on magic, you restore magic in place of health.
You are immune to clouds of flame.
You tend to lose your temper in combat.
Scrolls take you a little longer to read.
Armour fits poorly on your strangely shaped body.
You are frail (-10% HP).
Your movements are slightly less encumbered by armour (ER -2).


Message History

Okay, then.
Casting: Blink
Confirm with . or Enter, or press ? or * to list all spells.
Okay, then.
Read which item? (? for menu, Esc to quit)
Really read with blurry vision while enemies are nearby?
Okay, then.
Casting: Blink
Confirm with . or Enter, or press ? or * to list all spells.
You don't have enough magic to cast that spell.
Casting: Blink
Confirm with . or Enter, or press ? or * to list all spells.
Okay, then.
Read which item? (? for menu, Esc to quit)
Okay, then.
Drink which item? (? for menu, Esc to quit)
You feel much better. The hellion gestures at you.
The damnation unfurls!
The damnation engulfs you!
You die...

* , #......6##.#####
, *
..#......##.##..., *
#.2#...#3#.....# *
#......4....###### ,
,
........&3.3.%....,
, *
#.........23#.∩...,*
, ,
,.........§§§.4....
, *,,, ,
...........§4≈....
,#......@..§§§≈≈≈≈.
* .......(.§§§§≈≈≈≈.
* *
#.....|.§≈§≈≈≈≈≈≈§ *
, ##.....≈≈≈§≈≈2≈§≈≈
, , .......≈≈§≈≈22§
, , ######≈≈≈≈22222,
, ,,, #§≈≈2.222. , ,
#≈≈≈2...22 ≈≈ * ≈


You could see Mourua Louxi, a cacodemon, a balrug, 2 sun demons, an orange
demon, a hellwing, 2 smoke demons, 14 hellions and a red devil.

Vanquished Creatures
  An ancient lich (Crypt:3)
  3 juggernauts
  Sojobo (Depths:2)
  Frederick (Depths:5)
  3 curse toes
  Saint Roka (Depths:3)
  Geryon (Hell)
  10 golden dragons
  2 Killer Klowns
  Xtahua (Crypt:1)
  Arachne (Spider:2)
  Jory (Depths:4)
  5 Tzitzimimeh (Pan)
  2 Brimstone Fiends (Pan)
  2 liches
  6 pandemonium lords (Pan)
  19 tentacled monstrosities
  6 Hell Sentinels (Pan)
  2 electric golems (Zot:3)
  Rupert (D:14)
  3 Orb Guardians (Zot:5)
  2 deep elf master archers (Elf:3)
  7 titans
  2 deep elf blademasters (Elf:3)
  Frances (D:12)
  2 quicksilver dragons (Vaults:5)
  9 death cobs
  An ancient champion (Crypt:2)
  2 thorn hunters (Swamp:4)
  4 Executioners (Pan)
  5 sphinxes
  9 storm dragons
  Roxanne (D:14)
  7 warmongers (Pan)
  7 shadow dragons
  A revenant (Crypt:1)
  7 tengu reavers
  4 draconian monks
  8 fire giants
  5 deep elf sorcerers
  An iron dragon (Hell)
  3 draconian zealots (Zot:2)
  8 balrugs
  3 orc warlords
  11 frost giants
  10 chaos champions (Pan)
  6 corrupters (Pan)
  6 draconian scorchers
  7 emperor scorpions
  16 vault wardens
  9 ghost moths
  6 cacodemons (Pan)
  2 draconian shifters
  A draconian annihilator (Zot:3)
  4 ghouls
  14 ironheart preservers
  24 reapers
  A caustic shrike skeleton (Depths:4)
  3 spriggan defenders
  34 stone giants
  24 very ugly things
  3 draconian callers
  4 war gargoyles
  5 deep elf elementalists (Elf:3)
  A juggernaut skeleton (Depths:4)
  4 green draconians
  11 vampire knights
  2 salamander stormcallers
  Azrael (D:15)
  5 blood saints (Pan)
  10 deep elf demonologists
  10 mottled draconians
  7 red draconians
  3 lorocyprocas (Pan)
  9 black draconians
  3 deep elf annihilators
  7 white draconians
  5 black suns (Pan)
  9 yellow draconians
  An orange crystal statue (WizLab)
  4 spark wasps
  10 eidola
  5 purple draconians
  14 blizzard demons
  Snorg (D:14)
  6 jiangshi
  17 fire dragons
  A quicksilver dragon zombie (Crypt:3)
  16 green deaths
  31 vault guards
  11 ettins
  7 deep elf death magi
  Fannar (D:12)
  10 great orbs of eyes
  Josephine (Lair:6)
  22 yaktaur captains
  8 entropy weavers
  15 ice dragons
  Harold (Lair:2)
  9 monstrous demonspawn (Pan)
  2 quicksilver dragon skeletons
  3 spriggan air magi
  A ghost crab (shapeshifter) (Depths:4)
  5 rakshasas
  3 hell beasts (Pan)
  16 centaur warriors
  22 hydras
  A ghost crab (Swamp:2)
  10 ogre magi
  5 death knights
  2 catoblepae
  28 dancing weapons
  11 alligators
  14 death yaks
  4 deep troll shamans
  A titan zombie (Crypt:3)
  3 spriggan berserkers
  A queen ant (Spider:3)
  6 deep troll earth magi
  7 orc high priests
  5 tengu warriors
  7 vampire magi
  28 soul eaters
  A shock serpent (shapeshifter) (Depths:3)
  28 deep elf knights
  2 titan skeletons
  46 sun demons
  8 iron trolls
  2 iron golems (Depths:1)
  Urug (Lair:1)
  The ghost of namelastname112 the Carver, a novice DrCK of Xom (D:9)
  Sonja (D:14)
  2 fire crabs
  2 storm dragon zombies
  Nergalle (D:11)
  8 hell knights
  12 shadow wraiths
  A storm dragon skeleton (Crypt:3)
  A giant orange brain (shapeshifter) (D:15)
  16 skeletal warriors
  4 unseen horrors
  7 flayed ghosts
  4 wizards
  7 deep elf archers
  2 ghost moth zombies
  16 deep trolls
  9 gelid demonspawn
  18 shadow demons
  3 golden dragon zombies
  8 infernal demonspawn (Pan)
  10 torturous demonspawn (Pan)
  2 golden dragon skeletons (Crypt:3)
  12 ironbrand convokers
  An anaconda zombie (Crypt:1)
  3 giant orange brains
  22 hill giants
  An anubis guard (shapeshifter) (D:15)
  A shambling mangrove (Swamp:4)
  8 swamp dragons
  2 iron dragon zombies
  A lindwurm (Lair:7)
  7 putrid demonspawn
  14 orc knights
  21 phantasmal warriors
  2 anaconda skeletons
  A shadow dragon zombie (Hell)
  25 necromancers
  A shadow dragon skeleton (Vaults:3)
  18 orb spiders
  10 orc sorcerers
  4 shining eyes
  2 stone giant zombies
  6 cyclopes
  31 wolf spiders
  2 fire giant zombies
  11 hornets
  5 oklob plants (Zot:4)
  3 frost giant zombies
  2 manticores
  74 deep elf magi
  11 sixfirhies (Pan)
  16 moths of wrath
  4 griffons
  39 ugly things
  A tengu skeleton (Vaults:3)
  A griffon (shapeshifter) (Elf:1)
  A salamander (shapeshifter) (D:15)
  An iron dragon skeleton (Crypt:3)
  14 vault sentinels
  3 stone giant skeletons
  A water nymph (shapeshifter) (Depths:1)
  A dire elephant zombie (Crypt:3)
  An elephant (Lair:5)
  31 smoke demons
  2 ice statues
  5 torpor snails
  17 human skeletons
  An octopode (shapeshifter) (Depths:5)
  8 rust devils
  2 human zombies
  A black mamba (Lair:1)
  11 orange demons
  4 gargoyles
  12 hellions
  3 redback zombies (Spider:4)
  3 rime drakes
  A storm dragon simulacrum (Crypt:1)
  A titan simulacrum (Depths:4)
  A dire elephant skeleton (Crypt:3)
  4 efreet
  2 kobold demonologists (D:14)
  A swamp worm zombie (Crypt:2)
  23 demonic crawlers
  An elephant slug zombie (Crypt:2)
  22 spiny frogs
  A yaktaur zombie (Hell)
  An emperor scorpion zombie (Crypt:3)
  2 spectral redbacks (Spider:4)
  11 freezing wraiths
  50 yaktaurs
  3 ice devils
  10 tormentors (Pan)
  An anaconda simulacrum (Hell)
  2 yaktaurs (shapeshifter)
  9 komodo dragons
  A ghost moth simulacrum (Hell)
  16 hellwings
  2 tengu conjurers (Depths:1)
  A harpy zombie (Crypt:3)
  4 spriggan druids
  5 hydra zombies
  A minotaur zombie (Crypt:2)
  A red draconian skeleton (Crypt:2)
  5 guardian mummies
  8 giant leeches
  37 polar bears
  5 spectral tarantellas
  An iron troll skeleton (Crypt:2)
  A merfolk (shapeshifter) (Vaults:5)
  16 trolls
  18 red devils
  2 spectral hornets (Spider:4)
  20 two-headed ogres
  33 blink frogs
  37 jumping spiders
  An ushabti (Crypt:3)
  A wolf spider simulacrum (Crypt:2)
  A jumping spider zombie (Spider:4)
  An ettin zombie (Vaults:3)
  2 boulder beetles (Vaults:1)
  89 slime creatures
  A tarantella zombie (Spider:4)
  11 large abominations (Pan)
  7 bog bodies
  A hydra skeleton (Hell)
  A frost giant simulacrum (Hell)
  A slime creature (shapeshifter) (Vaults:5)
  An ice dragon skeleton (Crypt:2)
  92 redbacks
  A spriggan (shapeshifter) (Vaults:5)
  Sigmund (D:6)
  A centaur simulacrum (D:14)
  15 shadows
  19 spriggans
  A black mamba zombie (Crypt:2)
  10 air elementals
  An alligator skeleton (Crypt:1)
  An ettin skeleton (Vaults:2)
  2 wyverns
  17 wraiths
  49 yaks
  34 tarantellas
  13 water elementals
  16 ynoxinuls (Pan)
  A human (shapeshifter) (D:15)
  16 hippogriffs
  A basilisk (shapeshifter) (Vaults:3)
  9 basilisks
  28 chaos spawn (Pan)
  A hippogriff (shapeshifter) (Vaults:1)
  A hog (shapeshifter) (D:13)
  A steam dragon (D:15)
  A steam dragon (shapeshifter) (D:14)
  15 fire elementals
  6 hungry ghosts
  Grum (D:11)
  40 vampire mosquitoes
  10 neqoxecs (Pan)
  21 insubstantial wisps
  21 wargs
  23 swamp worms
  3 soldier ants (Spider:3)
  A warg (shapeshifter) (Depths:3)
  8 mottled dragons
  17 water moccasins
  A hydra simulacrum (Hell)
  15 hell hounds
  A gelid demonspawn skeleton (Crypt:1)
  12 porcupines
  14 swamp drakes
  56 orc warriors
  A spiny frog zombie (Hell)
  A manticore zombie (Crypt:3)
  A spiny frog skeleton (Hell)
  An ettin simulacrum (Hell)
  4 sky beasts
  6 eyes of draining
  12 ice beasts
  10 black bears
  5 phantoms
  17 wasps
  61 ogres
  2 elf zombies (Vaults:3)
  3 necrophages
  39 wolves
  11 boggarts
  21 centaurs
  11 crocodiles
  An elephant skeleton (Crypt:1)
  8 big kobolds
  22 giant frogs
  3 earth elementals
  2 gnoll sergeants
  A wyvern zombie (D:13)
  A cyclops skeleton (Crypt:1)
  9 wyvern skeletons
  A scorpion (shapeshifter) (D:13)
  4 scorpions
  13 killer bees
  35 wights
  A wolf zombie (Crypt:1)
  2 electric eels
  12 howler monkeys
  A quasit (D:14)
  5 centaur zombies
  10 crimson imps
  A giant frog zombie (D:8)
  3 human simulacra
  46 orc wizards
  A black bear zombie (Crypt:1)
  12 jellies
  Crazy Yiuf (D:2)
  2 gnoll shamans (Orc:2)
  8 hounds
  2 iron imps
  32 orc priests
  7 centaur skeletons
  3 giant frog skeletons (D:13)
  7 iguanas
  An iguana (shapeshifter) (Vaults:2)
  Ijyb (D:2)
  4 polar bear simulacra (Lair:2)
  14 worker ants
  2 yak simulacra (Lair:2)
  2 wolf simulacra (Lair:2)
  31 sheep
  2 big kobold skeletons (Crypt:1)
  An ogre skeleton (Crypt:1)
  3 mummies
  3 worker ant zombies
  17 gnolls
  83 river rats
  11 adders
  4 shadow imps
  A white imp (Orc:1)
  7 oozes
  An adder zombie (D:5)
  2 adder skeletons
  A worm (D:3)
  2 dart slugs (D:1)
  8 giant geckos
  138 orcs
  2 ball pythons (D:3)
  6 giant cockroaches
  A gnoll zombie (Crypt:1)
  6 goblins
  7 hobgoblins
  A hobgoblin (shapeshifter) (Vaults:5)
  10 jackals
  24 kobolds
  3 quokkas
  A river rat zombie (Crypt:2)
  A ball python skeleton (D:4)
  5 bats
  A giant gecko skeleton (D:7)
  8 giant newts
  A jackal skeleton (D:6)
  A quokka skeleton (D:7)
  12 rats
  3 river rat simulacra (Lair:2)
  A river rat skeleton (Crypt:2)
  A fungus (Lair:7)
  2 lost souls
3504 creatures vanquished.

Vanquished Creatures (collateral kills)
  Mara (Depths:3)
  A thorn hunter (Swamp:4)
  The ghost of grom234 the Earth Mage, an adept GrIE of Okawaru (Swamp:4)
  Aizul (Swamp:3)
  A deep elf elementalist (Vaults:5)
  An eidolon (Crypt:3)
  The ghost of George the Commander, a journeyman DsGl of Okawaru (IceCv)
  A hydra (Lair:3)
  A swamp dragon (Swamp:4)
  2 orc knights
  An orc sorcerer (Orc:1)
  A cyclops (Orc:1)
  A yaktaur (Vaults:5)
  A komodo dragon (Lair:3)
  A tarantella (Spider:2)
  A redback (Spider:2)
  6 yaks (Lair:3)
  3 orc warriors
  An iguana (Lair:3)
  An orc (Orc:1)
28 creatures vanquished.

Vanquished Creatures (others)
  A pandemonium lord (Pan)
  A tengu reaver (Depths:2)
  A purple draconian (Zot:2)
  2 deep elf high priests (Elf:3)
  An orange crystal statue (D:15)
  A wolf spider (Spider:4)
  A water elemental (Depths:2)
  A yak (IceCv)
  A wasp (Swamp:2)
  2 ogres (Vaults:3)
  9 wolves (IceCv)
  An orc wizard (Orc:1)
  An orc (Orc:1)
  A bush (D:8)
  A fire vortex (Vaults:5)
  34 fungi
  9 lost souls
  21 plants
  14 withered plants (Crypt:3)
103 creatures vanquished.

Grand Total: 3635 creatures vanquished

Notes
Turn   | Place    | Note
--------------------------------------------------------------
     0 | D:1      | Jorlmund the Demonspawn Berserker began the quest for the Orb.
     0 | D:1      | Reached XP level 1. HP: 18/18 MP: 1/1
    90 | D:1      | Reached skill level 3 in Maces & Flails
   190 | D:1      | Gained mutation: You regenerate a little health from kills. [demonic ancestry]
   190 | D:1      | Reached XP level 2. HP: 16/24 MP: 2/2
   543 | D:1      | Reached ** piety under Trog
   614 | D:1      | Gained mutation: You are surrounded by a mild repulsion field (EV +2). [demonic ancestry]
   614 | D:1      | Reached XP level 3. HP: 23/29 MP: 3/3
   715 | D:2      | Noticed Ijyb
   725 | D:2      | Killed Ijyb
   919 | D:2      | Gained mutation: You are surrounded by a moderate repulsion field (EV +3). [demonic ancestry]
   919 | D:2      | Reached XP level 4. HP: 27/36 MP: 4/4
  1029 | D:2      | Noticed Crazy Yiuf
  1038 | D:2      | Killed Crazy Yiuf
  1900 | D:3      | Reached *** piety under Trog
  1900 | D:3      | Reached XP level 5. HP: 36/42 MP: 5/5
  1933 | D:3      | Reached skill level 4 in Maces & Flails
  2648 | D:2      | Reached XP level 6. HP: 44/48 MP: 6/6
  3355 | D:4      | Reached **** piety under Trog
  3355 | D:4      | Reached skill level 5 in Maces & Flails
  3366 | D:4      | Found an opulent altar of Gozag.
  3463 | D:4      | Reached XP level 7. HP: 15/54 MP: 7/7
  3470 | D:4      | Reached skill level 5 in Armour
  3538 | D:4      | Found a glowing golden altar of the Shining One.
  4244 | D:4      | Gained mutation: You have sharp toenails. [demonic ancestry]
  4244 | D:4      | Reached XP level 8. HP: 61/61 MP: 8/8
  4310 | D:5      | Entered Level 5 of the Dungeon
  4526 | D:5      | Reached skill level 6 in Maces & Flails
  4837 | D:5      | Reached skill level 5 in Fighting
  6047 | D:6      | Found a stormy altar of Qazlal.
  6129 | D:6      | Reached skill level 7 in Maces & Flails
  6207 | D:6      | Reached ***** piety under Trog
  6330 | D:6      | Found Reremucw's Magic Scroll Emporium.
  6337 | D:6      | Bought a scroll of fear for 49 gold pieces
  6337 | D:6      | Bought a scroll of magic mapping for 49 gold pieces
  6337 | D:6      | Bought a scroll of remove curse for 42 gold pieces
  6337 | D:6      | Bought a scroll of teleportation for 42 gold pieces
  6337 | D:6      | Bought a scroll of identify for 28 gold pieces
  6388 | D:6      | Noticed Sigmund
  6395 | D:6      | Killed Sigmund
  6395 | D:6      | Reached XP level 9. HP: 60/68 MP: 9/9
  7015 | D:7      | Reached skill level 8 in Maces & Flails
  7044 | D:7      | Found a staircase to the Ecumenical Temple.
  7054 | Temple   | Entered the Ecumenical Temple
  7936 | D:8      | Found Umugryip's Gadget Shop.
  8403 | D:8      | Reached skill level 9 in Maces & Flails
  8513 | D:8      | Gained mutation: You regenerate health from kills. [demonic ancestry]
  8513 | D:8      | Reached XP level 10. HP: 44/77 MP: 10/10
  8540 | D:8      | Noticed a hill giant
  8711 | D:8      | Reached skill level 10 in Maces & Flails
  8974 | D:8      | Found a staircase to the Lair.
  9156 | Lair:1   | Entered Level 1 of the Lair of Beasts
  9225 | Lair:1   | Noticed Urug
  9246 | Lair:1   | Killed Urug
  9384 | Lair:1   | Reached XP level 11. HP: 80/85 MP: 11/11
  9430 | Lair:1   | Received a gift from Trog
  9431 | Lair:1   | Reached skill level 11 in Maces & Flails
  9451 | Lair:1   | Reached skill level 10 in Armour
 10481 | Lair:2   | Noticed a necromancer
 10498 | Lair:2   | Killed a necromancer
 10864 | Lair:2   | Noticed Harold
 10886 | Lair:2   | Killed Harold
 11221 | Lair:3   | Reached skill level 12 in Maces & Flails
 11289 | Lair:3   | Found a frozen archway.
 11450 | IceCv    | Entered an ice cave
 11503 | IceCv    | Noticed George's ghost (journeyman DsGl)
 11525 | IceCv    | Killed George's ghost
 11595 | IceCv    | Gained mutation: You have razor-sharp toenails. [demonic ancestry]
 11595 | IceCv    | Reached XP level 12. HP: 83/94 MP: 12/12
 12445 | IceCv    | Received a gift from Trog
 12593 | IceCv    | Reached skill level 13 in Maces & Flails
 12788 | IceCv    | Noticed a white draconian
 12837 | IceCv    | Killed a white draconian
 13263 | Lair:3   | Noticed a seven-headed hydra
 13296 | Lair:3   | Killed an eight-headed hydra
 13579 | Lair:3   | Gained mutation: You have claws for feet. [demonic ancestry]
 13579 | Lair:3   | Reached XP level 13. HP: 77/103 MP: 13/13
 13685 | Lair:3   | Received a gift from Trog
 13685 | Lair:3   | Reached skill level 14 in Maces & Flails
 13808 | Lair:3   | Reached skill level 10 in Fighting
 15348 | D:9      | Noticed namelastname112's ghost (novice DrCK)
 15364 | D:9      | Killed namelastname112's ghost
 15406 | D:9      | Found a staircase to the Orcish Mines.
 15642 | D:9      | Found Powkidwo's Magic Scroll Shop.
 15754 | D:9      | Reached ****** piety under Trog
 15877 | D:9      | Found a radiant altar of Vehumet.
 16084 | Orc:1    | Entered Level 1 of the Orcish Mines
 16452 | Orc:1    | Received a gift from Trog
 17092 | Orc:2    | Entered Level 2 of the Orcish Mines
 17137 | Orc:2    | Found a staircase to the Elven Halls.
 17604 | Orc:2    | Noticed a stone giant
 17650 | Orc:2    | Killed a stone giant
 17650 | Orc:2    | Reached skill level 1 in Bows
 17859 | Orc:2    | Found a roughly hewn altar of Beogh.
 17921 | Orc:2    | Found Uteqan's Jewellery Shop.
 17951 | Orc:2    | Bought the amulet of Cekugob {Dismiss -Tele rElec rPois rN++ AC+1 EV+1} for 738 gold pieces
 18105 | Orc:2    | Found Ahoulatz's Weapon Shoppe.
 18108 | Orc:2    | Paralysed by an orc sorcerer for 6 turns
 18136 | Orc:2    | Reached skill level 15 in Maces & Flails
 18390 | Orc:2    | Received a gift from Trog
 19139 | Orc:2    | Reached XP level 14. HP: 101/111 MP: 4/14
 19168 | Orc:2    | Found Weifyrol's Jewellery Shoppe.
 19173 | Orc:2    | Found Jymeil's General Store.
 19180 | Orc:2    | Found Iluumon's Distillery.
 19192 | Orc:2    | Bought a potion of heal wounds for 80 gold pieces
 19192 | Orc:2    | Bought a potion of curing for 48 gold pieces
 19192 | Orc:2    | Bought a potion of curing for 48 gold pieces
 19192 | Orc:2    | Bought a potion of curing for 48 gold pieces
 21045 | Lair:5   | Found a hole to the Spider Nest.
 21308 | Lair:6   | Found a staircase to the Swamp.
 21471 | Lair:6   | Received a gift from Trog
 21914 | Lair:6   | Noticed Josephine
 21924 | Lair:6   | Killed Josephine
 22125 | Lair:7   | Found a viscous altar of Jiyva.
 22125 | Lair:7   | Found a staircase to the Slime Pits.
 22159 | Lair:7   | Found a shadowy altar of Dithmenos.
 23031 | Lair:8   | Entered Level 8 of the Lair of Beasts
 23079 | Lair:8   | Reached skill level 16 in Maces & Flails
 23598 | Lair:8   | Received a gift from Trog
 23978 | Lair:8   | Received a gift from Trog
 24568 | Lair:8   | Reached XP level 15. HP: 109/119 MP: 15/15
 24874 | Lair:8   | Reached skill level 17 in Maces & Flails
 24874 | Lair:8   | Reached skill level 5 in Bows
 24874 | Lair:8   | Reached XP level 16. HP: 126/126 MP: 16/16
 25439 | Lair:1   | Gained mutation: Your movements are slightly less encumbered by armour (ER -2). [potion of beneficial mutation]
 25620 | Swamp:1  | Entered Level 1 of the Swamp
 26510 | Swamp:1  | Received a gift from Trog
 28179 | Swamp:3  | Received a gift from Trog
 28507 | Swamp:3  | Noticed Aizul
 28523 | Swamp:3  | Killed Aizul
 28811 | Swamp:4  | Entered Level 4 of the Swamp
 28848 | Swamp:4  | Noticed grom234's ghost (adept GrIE)
 29075 | Swamp:4  | Noticed a thorn hunter
 29094 | Swamp:4  | Killed a thorn hunter
 29204 | Swamp:4  | Reached skill level 18 in Maces & Flails
 29244 | Swamp:4  | Noticed a thorn hunter
 29270 | Swamp:4  | Killed grom234's ghost
 29440 | Swamp:4  | Noticed a thorn hunter
 29457 | Swamp:4  | Killed a thorn hunter
 29635 | Swamp:3  | Gained mutation: When hurt, damage is shared between your health and your magic reserves. [demonic ancestry]
 29635 | Swamp:3  | Reached XP level 17. HP: 112/133 MP: 5/17
 29997 | Swamp:4  | Reached skill level 15 in Armour
 30258 | Swamp:4  | Got a decaying rune of Zot
 30331 | Swamp:4  | Received a gift from Trog
 31152 | Spider:1 | Entered Level 1 of the Spider Nest
 32178 | Spider:2 | Received a gift from Trog
 32181 | Spider:2 | Got a bloodstained dire flail {god gift}
 32187 | Spider:2 | Identified the +3 dire flail "Saared" {venom, *Drain rN+ Str+3} (Trog gifted it to you on level 2 of the Spider Nest)
 32979 | Spider:2 | Reached skill level 1 in Shields
 33851 | Spider:2 | Noticed Arachne
 35521 | Spider:3 | Reached skill level 19 in Maces & Flails
 36469 | Spider:3 | Received a gift from Trog
 37210 | Spider:4 | Entered Level 4 of the Spider Nest
 37680 | Spider:3 | Gained mutation: You regenerate a lot of health from kills. [demonic ancestry]
 37680 | Spider:3 | Reached XP level 18. HP: 109/143 MP: 6/18
 37776 | Spider:4 | Received a gift from Trog
 39573 | Spider:4 | Received a gift from Trog
 40628 | Spider:4 | Paralysed by a hornet for 2 turns
 40680 | Spider:3 | Upgraded the game from 0.18-b1-22-ge198996 to 0.18.0-2-g198d6d4
 41418 | Spider:2 | Killed Arachne
 41687 | D:10     | Entered Level 10 of the Dungeon
 42305 | D:10     | You fall through a shaft for 3 floors!
 42486 | D:13     | Found a shadowy altar of Dithmenos.
 42509 | D:13     | Found a sparkling altar of Nemelex Xobeh.
 42647 | D:13     | Received a gift from Trog
 42647 | D:13     | Reached skill level 1 in Slings
 42695 | D:13     | Got a faintly glowing longbow {god gift}
 42699 | D:13     | Found a gate to the Vaults.
 43048 | D:13     | Found a blossoming altar of Fedhas.
 43868 | D:14     | Noticed Snorg
 43882 | D:14     | Killed Snorg
 43888 | D:14     | Received a gift from Trog
 43902 | D:14     | Reached skill level 20 in Maces & Flails
 43973 | D:14     | Noticed Sonja
 43990 | D:14     | Killed Sonja
 44002 | D:14     | Noticed Roxanne
 44226 | D:14     | Killed Roxanne
 44242 | D:14     | Noticed Rupert
 44279 | D:14     | Killed Rupert
 44729 | D:14     | Gained mutation: Your flesh is heat resistant. [demonic ancestry]
 44729 | D:14     | Reached XP level 19. HP: 143/151 MP: 6/19
 44792 | D:14     | Received a gift from Trog
 44939 | D:14     | Identified the Grimoire of Moulding and Beguiling
 45288 | D:14     | Received a gift from Trog
 45572 | D:15     | Entered Level 15 of the Dungeon
 45748 | D:15     | Received a gift from Trog
 45970 | D:15     | Reached skill level 5 in Shields
 46124 | D:15     | Found a staircase to the Depths.
 46437 | D:15     | Found an oddly glowing altar of Pakellas.
 46698 | D:15     | Received a gift from Trog
 47154 | D:15     | Upgraded the game from 0.18.0-2-g198d6d4 to 0.18.1-1-g2f07953
 47264 | Vaults:1 | Entered Level 1 of the Vaults
 47470 | Vaults:1 | Identified the Disquisition on Evil Cold
 47622 | Vaults:1 | Got a translucent helmet
 47659 | Vaults:1 | Identified the +1 helmet "Quennuug" {rElec Slay+3} (You found it on level 1 of the Vaults)
 48647 | Vaults:1 | Got a vibrating bronze ring
 49189 | Vaults:2 | Reached skill level 5 in Slings
 49316 | Vaults:2 | Received a gift from Trog
 49591 | Vaults:2 | Got a scorched tin ring
 49597 | Vaults:2 | Identified the ring "Qejeffus" {Ice MR++ Dex+5 SInv} (You took it off a skeletal warrior on level 1 of the Vaults)
 50163 | Vaults:2 | Identified the ring "Hobifeth" {rC+ rN++ EV+5 Dex-3 SInv} (You found it on level 2 of the Vaults)
 50537 | Vaults:2 | Gained mutation: You are surrounded by a strong repulsion field (EV +4, rMsl). [demonic ancestry]
 50537 | Vaults:2 | Reached XP level 20. HP: 161/161 MP: 6/20
 50867 | Vaults:2 | Received a gift from Trog
 50871 | Vaults:2 | Got a brightly glowing hunting sling {god gift}
 50874 | Vaults:2 | Identified the +8 hunting sling of Ethics {freeze, rF++ rN+ MR- Dex+8} (Trog gifted it to you on level 2 of the Vaults)
 51132 | Vaults:2 | Reached skill level 15 in Fighting
 51136 | Vaults:2 | Found Zumonus's Magic Scroll Shoppe.
 51434 | Vaults:2 | Reached skill level 21 in Maces & Flails
 51593 | Vaults:3 | Found a staircase to the Crypt.
 51866 | Vaults:3 | Identified a scroll of acquirement
 51869 | Vaults:3 | Got an ichor-stained crystal plate armour
 51898 | Vaults:2 | Identified the +1 crystal plate armour of the Hidden Vale {Int+3} (You acquired it on level 3 of the Vaults)
 52399 | Vaults:3 | Paralysed by a great orb of eyes for 4 turns
 52651 | Vaults:3 | Received a gift from Trog
 52895 | Vaults:3 | Found Huun's Magic Scroll Emporium.
 53025 | Vaults:3 | Bought a scroll of blinking for 142 gold pieces
 53025 | Vaults:3 | Bought a scroll of teleportation for 57 gold pieces
 53025 | Vaults:3 | Bought a scroll of blinking for 142 gold pieces
 53517 | Crypt:1  | Entered Level 1 of the Crypt
 53645 | Crypt:1  | Noticed Xtahua
 53670 | Crypt:1  | Killed Xtahua
 54317 | Crypt:2  | Gained mutation: You regenerate magic rapidly. [demonic ancestry]
 54317 | Crypt:2  | Reached XP level 21. HP: 148/170 MP: 7/21
 55238 | Crypt:3  | Entered Level 3 of the Crypt
 56813 | Crypt:3  | Received a gift from Trog
 57138 | Crypt:3  | Found an ancient bone altar of Kikubaaqudgha.
 57270 | Crypt:3  | Received a gift from Trog
 57309 | Crypt:3  | Noticed an ancient lich
 57309 | Crypt:3  | Noticed an ancient lich
 57335 | Crypt:3  | Paralysed by an ancient lich for 2 turns
 57346 | Crypt:3  | Paralysed by an ancient lich for 4 turns
 57565 | Crypt:3  | Killed an ancient lich
 57742 | Crypt:1  | Reached skill level 22 in Maces & Flails
 57885 | Vaults:3 | Upgraded the game from 0.18.1-1-g2f07953 to 0.18.1-5-g4a78601
 58473 | Vaults:4 | Identified a +2 rod of shadows (12/12) (You took it off a necromancer on level 3 of the Crypt)
 58817 | Vaults:4 | Received a gift from Trog
 58883 | Vaults:4 | Reached XP level 22. HP: 92/179 MP: 6/22
 58943 | Vaults:4 | Received a gift from Trog
 59489 | Vaults:4 | Got a steaming plate armour
 59490 | Vaults:4 | Identified the +2 plate armour "Hiuguokke" {Regen+ Dex+4} (You found it on level 4 of the Vaults)
 60040 | Depths:1 | Entered Level 1 of the Depths
 60047 | Depths:1 | Paralysed by a vampire knight for 6 turns
 60280 | Depths:1 | Found Asi Xacy's Demolitions Depot.
 60324 | Depths:1 | Found a gateway to Hell.
 60482 | Depths:1 | Found a one-way gate leading to the halls of Pandemonium.
 61155 | Depths:2 | Received a gift from Trog
 61234 | Depths:2 | Found a roughly hewn altar of Beogh.
 61245 | Depths:2 | Received a gift from Trog
 61255 | Depths:2 | Noticed Sojobo
 61284 | Depths:2 | Killed Sojobo
 61420 | Depths:2 | Reached skill level 10 in Slings
 61452 | Depths:2 | Received a gift from Trog
 61574 | Depths:2 | Found a one-way gate to the infinite horrors of the Abyss.
 61745 | Depths:2 | Found a gateway to a ziggurat.
 62289 | Depths:3 | Noticed a juggernaut
 62308 | Depths:3 | Killed a juggernaut
 62357 | Depths:3 | Paralysed by an orc sorcerer for 2 turns
 62401 | Depths:3 | Noticed Saint Roka
 62402 | Depths:3 | Found a portal to a secret trove of treasure.
 62416 | Depths:3 | Killed Saint Roka
 62666 | D:12     | Noticed Frances
 62684 | D:12     | Killed Frances
 62716 | D:12     | Noticed Fannar
 62728 | D:12     | Killed Fannar
 62743 | D:12     | Received a gift from Trog
 62821 | D:12     | Got a pair of translucent gloves
 62832 | D:12     | Identified the +0 pair of gloves of Vapn {rF+ rC+ MR+} (You found it on level 12 of the Dungeon)
 63592 | D:11     | Noticed Grum
 63604 | D:11     | Killed Grum
 63613 | D:11     | Received a gift from Trog
 63893 | D:11     | Noticed Nergalle
 63901 | D:11     | Killed Nergalle
 64012 | D:11     | Found a shimmering altar of Xom.
 64403 | Orc:2    | Bought a +4 ring of slaying for 1248 gold pieces
 64878 | Depths:3 | You paid a toll of a +4 ring of slaying to enter a treasure trove
 64879 | Trove    | Entered a treasure trove
 64892 | Trove    | Got a scintillating emerald amulet
 64912 | Trove    | Got a coiled granite ring
 64985 | Depths:3 | Identified the amulet "Buynosm" {Dismiss rC+ Dex+2} (You found it in a treasure trove)
 64992 | Depths:3 | Identified the ring "Rihas" {*Confuse Str+2 Int+3 Dex+3 SInv} (You found it in a treasure trove)
 65203 | Depths:3 | Noticed a juggernaut
 65208 | Depths:3 | Received a gift from Trog
 65345 | Depths:3 | Killed a juggernaut
 65364 | Depths:3 | Reached XP level 23. HP: 188/188 MP: 23/23
 65511 | Depths:3 | Reached skill level 10 in Shields
 65553 | Depths:3 | Paralysed by a vampire knight for 7 turns
 65902 | Depths:3 | Received a gift from Trog
 65973 | Depths:3 | Noticed Mara
 65985 | Depths:3 | Killed Mara
 66110 | Depths:3 | Reached skill level 23 in Maces & Flails
 66315 | Depths:4 | Found a magical portal.
 66323 | WizLab   | Entered Wucad Mu's Monastery
 66807 | WizLab   | Gained mutation: Your spells are a little harder to cast, but a little more powerful. [potion of beneficial mutation]
 66808 | WizLab   | Gained mutation: When low on magic, you restore magic in place of health. [demonic ancestry]
 66808 | WizLab   | Reached XP level 24. HP: 197/197 MP: 23/23
 67769 | Depths:4 | Identified Seclagg's Catalogue of Warped Arcane Weapons
 68156 | Depths:4 | Noticed Jory
 68172 | Depths:4 | Killed Jory
 68294 | Depths:5 | Entered Level 5 of the Depths
 68294 | Depths:5 | Noticed Frederick
 68308 | Depths:5 | Killed Frederick
 68331 | Depths:5 | Received a gift from Trog
 68462 | Depths:5 | Found a gate to the Realm of Zot.
 69175 | Depths:5 | Reached XP level 25. HP: 203/203 MP: 23/23
 69426 | Depths:5 | Noticed a juggernaut
 69434 | Depths:5 | Killed a juggernaut
 69448 | Depths:5 | Received a gift from Trog
 69997 | D:15     | Noticed Azrael
 70006 | D:15     | Killed Azrael
 70195 | Elf:1    | Entered Level 1 of the Elven Halls
 70844 | Elf:1    | Received a gift from Trog
 70975 | Elf:1    | Found Bett's Weapon Shoppe.
 71463 | Elf:2    | Found a gateway to a bazaar.
 71477 | Elf:2    | Received a gift from Trog
 71585 | Bazaar   | Entered a bazaar
 71587 | Bazaar   | Found Agod's Distillery.
 71605 | Bazaar   | Found Nailo Xon's Armour Shop.
 71630 | Bazaar   | Found Muofiax's Weapon Emporium.
 71672 | Bazaar   | Found Anirphe's Assorted Antiques.
 71747 | Bazaar   | Bought a potion of cure mutation for 225 gold pieces
 71747 | Bazaar   | Bought a potion of cure mutation for 225 gold pieces
 71747 | Bazaar   | Bought a potion of curing for 27 gold pieces
 71747 | Bazaar   | Bought a potion of haste for 90 gold pieces
 71747 | Bazaar   | Bought a potion of haste for 90 gold pieces
 71747 | Bazaar   | Bought a potion of heal wounds for 45 gold pieces
 71747 | Bazaar   | Bought a potion of haste for 90 gold pieces
 71785 | Bazaar   | Bought a +2 gold dragon armour for 1104 gold pieces
 71785 | Bazaar   | Bought the +0 cloak of Tyn Bum {rCorr Str+3 Dex+4} for 381 gold pieces
 72927 | Elf:2    | Found Maposank's Antique Armour Boutique.
 73125 | Elf:2    | Found a runed gate.
 73125 | Elf:2    | Found a runed gate.
 73125 | Elf:2    | Found a runed gate.
 73148 | Elf:2    | Reached skill level 24 in Maces & Flails
 73518 | Elf:3    | Entered Level 3 of the Elven Halls
 73801 | Elf:3    | Received a gift from Trog
 74740 | Elf:3    | Got a sparkling iron amulet
 74903 | Elf:3    | Identified the Guide on Lightness and Displacement
 74918 | Elf:3    | Identified the Almanac of Darkness (You found it on level 3 of the Elven Halls)
 75246 | D:13     | Identified the amulet "Ewoilom" {Spirit *Confuse Str+2 SInv Stlth+} (You took it off a deep elf elementalist on level 3 of the Elven Halls)
 75409 | Vaults:5 | Entered Level 5 of the Vaults
 75457 | Vaults:5 | Gained mutation: You are immune to clouds of flame. [demonic ancestry]
 75457 | Vaults:5 | Reached XP level 26. HP: 202/215 MP: 17/23
 75540 | Vaults:5 | Received a gift from Trog
 75950 | Vaults:5 | Received a gift from Trog
 76250 | Vaults:5 | Got a silver rune of Zot
 76986 | Vaults:5 | Found Icaecy's Weapon Shop.
 77010 | Vaults:5 | Received a gift from Trog
 77801 | Temple   | Fell from the grace of Trog
 77801 | Temple   | Became a worshipper of Ashenzari the Shackled
 78103 | Slime:1  | Entered Level 1 of the Pits of Slime
 78110 | Slime:1  | Gained mutation: You are clumsy. (Dex -2) [a shining eye]
 78141 | Slime:1  | Gained mutation: You are weak. (Str -2) [a shining eye]
 78143 | Slime:1  | Gained mutation: Armour fits poorly on your strangely shaped body. [a shining eye]
 78146 | Slime:1  | Gained mutation: You tend to lose your temper in combat. [a shining eye]
 78494 | Slime:1  | Gained mutation: You often lose your temper in combat. [a shining eye]
 79062 | Lair:3   | Identified the +8 quarterstaff of Untimely Demise {crush, Dex+2} (You took it off a boggart on level 14 of the Dungeon)
 79062 | Lair:3   | Identified the +6 longbow of Strategic Superiority {velocity, Int+5 SInv} (Trog gifted it to you on level 13 of the Dungeon)
 79062 | Lair:3   | Identified the +5 scale mail of Gonif {-Cast Str+6}
 79062 | Lair:3   | Identified the +11 war axe "Liur" {chop, +Inv rPois MR+ MP-9} (You found it on level 3 of the Lair of Beasts)
 79062 | Lair:3   | Identified the cursed +0 rapier "Xaffapat" {flame, rElec Stlth+} (You found it on level 3 of the Swamp)
 79062 | Lair:3   | Identified the +1 robe of Vexation {Regen+ MP+9 Slay+2}
 79062 | Lair:3   | Identified the +0 leather armour "Xihirch" {MP+9}
 79062 | Lair:3   | Identified the cursed +1 long sword of Calamity {slice, rF+ rC- Str+3} (You took it off a vault guard on level 5 of the Vaults)
 79062 | Lair:3   | Identified the +3 great sword of Iteith {holy, Int+7} (You took it off a yaktaur captain on level 5 of the Vaults)
 79062 | Lair:3   | Identified the +5 glaive "Transmigrator" {venom, rF- Dex+3} (You took it off a vault guard on level 5 of the Vaults)
 79062 | Lair:3   | Identified the cursed +2 shortbow of Dismemberment {flame, MR+ Int+6 Dex+3} (You found it on level 2 of the Depths)
 79062 | Lair:3   | Identified the +2 leather armour of Chill Winds {rC+ rN+ Dex-5 Slay+3} (You found it on level 3 of the Depths)
 79062 | Lair:3   | Identified the +9 dagger "Ultimatum" {freeze, MR- MP+9 Stlth+} (You took it off Jory on level 4 of the Depths)
 79160 | Lair:1   | Lost mutation: Armour fits poorly on your strangely shaped body. [potion of cure mutation]
 79160 | Lair:1   | Lost mutation: You are clumsy. (Dex -2) [potion of cure mutation]
 79160 | Lair:1   | Lost mutation: You often lose your temper in combat. [potion of cure mutation]
 79160 | Lair:1   | Lost mutation: You are weak. (Str -2) [potion of cure mutation]
 79160 | Lair:1   | Lost mutation: Your spells are a little harder to cast, but a little more powerful. [potion of cure mutation]
 79160 | Lair:1   | Lost mutation: You tend to lose your temper in combat. [potion of cure mutation]
 79168 | Lair:1   | Learned a level 2 spell: Blink
 79171 | Lair:1   | Learned a level 2 spell: Swiftness
 79530 | D:15     | Identified the +6 longbow of Strategic Superiority {velocity, Int+5 SInv} (Trog gifted it to you on level 13 of the Dungeon)
 79590 | Hell     | Entered the Vestibule of Hell
 79590 | Hell     | Noticed Geryon
 79765 | Hell     | Reached skill level 1 in Spellcasting
 79772 | Hell     | Reached skill level 1 in Translocations
 79799 | Depths:1 | Reached skill level 25 in Maces & Flails
 80264 | Hell     | Gained mutation: You can hurl damnation. [demonic ancestry]
 80264 | Hell     | Reached XP level 27. HP: 188/224 MP: 25/25
 80422 | Hell     | Killed Geryon
 80537 | Hell     | Found a gateway to the ashen valley of Gehenna.
 80851 | Hell     | Found a gateway to the decaying netherworld of Tartarus.
 81120 | Hell     | Found a gateway to the Iron City of Dis.
 81476 | Hell     | Found a gateway to the freezing wastes of Cocytus.
 81952 | Depths:4 | Identified the +9 dagger "Ultimatum" {freeze, MR- MP+9 Stlth+} (You took it off Jory on level 4 of the Depths)
 82087 | Depths:3 | Identified the +2 leather armour of Chill Winds {rC+ rN+ Dex-5 Slay+3} (You found it on level 3 of the Depths)
 82101 | Pan      | Entered Pandemonium
 82276 | Pan      | Noticed Odopoe the pandemonium lord
 82310 | Pan      | Killed Odopoe the pandemonium lord
 82311 | Pan      | Gained mutation: You are frail (-10% HP). [a cacodemon]
 83405 | Pan      | Got a demonic rune of Zot
 83421 | Pan      | Found an exit through the horrors of the Abyss.
 83877 | Pan      | Noticed Gitoam Ficze the pandemonium lord
 83913 | Pan      | Reached * piety under Ashenzari
 84311 | Pan      | Found an exit through the horrors of the Abyss.
 84346 | Pan      | Reached skill level 5 in Translocations
 84509 | Pan      | Killed Gitoam Ficze the pandemonium lord
 84509 | Pan      | Reached skill level 1 in Charms
 84755 | Pan      | Gained mutation: Armour fits poorly on your strangely shaped body. [a cacodemon]
 85112 | Pan      | Noticed Alleivur the pandemonium lord
 85117 | Pan      | Reached skill level 5 in Spellcasting
 85151 | Pan      | Killed Alleivur the pandemonium lord
 85291 | Pan      | Found an exit through the horrors of the Abyss.
 85941 | Depths:3 | Escaped Pandemonium
 86406 | Zot:1    | Entered Level 1 of the Realm of Zot
 87091 | Zot:1    | Reached ** piety under Ashenzari
 88344 | Zot:2    | Identified the cursed +0 ring mail of Xuomnish {+Fly Int+3}
 88639 | Zot:2    | Reached skill level 15 in Shields
 88639 | Zot:2    | Reached skill level 5 in Charms
 89426 | Zot:3    | Reached skill level 26 in Maces & Flails
 90725 | Zot:4    | Identified the Tome of Floating Dislocation
 91106 | Zot:5    | Entered Level 5 of the Realm of Zot
 92055 | Pan      | Entered Pandemonium
 92112 | Pan      | Was forgiven by Trog
 92112 | Pan      | Paralysed by Trog for 6 turns
 93233 | Pan      | Found an exit through the horrors of the Abyss.
 93250 | Pan      | Reached *** piety under Ashenzari
 93266 | Pan      | Noticed Pesu the pandemonium lord
 93311 | Pan      | Killed Pesu the pandemonium lord
 93496 | Pan      | Gained mutation: You tend to lose your temper in combat. [a cacodemon]
 93684 | Pan      | Noticed Han Tein the pandemonium lord
 93864 | Pan      | Found an exit through the horrors of the Abyss.
 94073 | Pan      | Killed Han Tein the pandemonium lord
 94674 | Pan      | Gained mutation: Scrolls take you a little longer to read. [a neqoxec]
 94724 | Depths:3 | Escaped Pandemonium
 94771 | Pan      | Entered Pandemonium
 94967 | Pan      | Found a runed door.
 95080 | Pan      | Found an exit through the horrors of the Abyss.
 95794 | Pan      | Noticed Lifahy the pandemonium lord
 95810 | Pan      | Killed Lifahy the pandemonium lord
 96046 | Pan      | Noticed Awyud the pandemonium lord
 96095 | Pan      | Killed Awyud the pandemonium lord
 96224 | Pan      | Found an exit through the horrors of the Abyss.
 96899 | Pan      | Identified the cursed amulet of the Shining Light {RegenMP +Blink rN++} (You acquired it in Pandemonium)
 96922 | Pan      | Noticed Mourua Louxi the pandemonium lord
 96970 | Pan      | HP: 2/209 [hellion/damnation (13)]
 96971 | Pan      | Killed from afar by a hellion

Skill      XL: |  1  2  3  4  5  6  7  8  9 10 11 12 13 14 15 16 17 18 19 20 21 22 23 24 25 26 27 |
---------------+----------------------------------------------------------------------------------+-----
Maces & Flails | 3 4 5 7 9 10 12 13 15 16 17 18 19 20 21 22 23 24 25 26 | 26.7
Armour         | 2 3 4 5 7 8 9 11 13 14 15 16 17 18 19 20 22 | 22.5
Fighting       | 4 5 6 7 8 9 10 11 12 13 14 15 16 17 18 20 22 | 22.6
Bows           | 1 3 5 6 7 8 |  8.2
Shields        | 2 4 5 6 8 9 10 11 12 13 16 | 16.6
Dodging        | 2 3 |  3.8
Slings         | 2 5 7 9 10 11 12 13 | 13.8
Spellcasting   | 1 9 |  9.9
Translocations | 1 7 |  7.4
Charms         | 8 |  8.4
Evocations     | |  0.4

Action                   |  1- 3 |  4- 6 |  7- 9 | 10-12 | 13-15 | 16-18 | 19-21 | 22-24 | 25-27 || total
-------------------------+-------+-------+-------+-------+-------+-------+-------+-------+-------++-------
Melee: Mace              |   130 |   200 |       |       |       |       |       |       |       ||   330
       Flail             |       |   105 |   457 |       |       |       |       |       |       ||   562
       Kick              |       |       |   167 |   358 |   608 |  1029 |  1337 |   630 |  2838 ||  6967
       Dire flail        |       |       |    88 |  1006 |  1756 |   110 |       |       |       ||  2960
       Eveningstar       |       |       |       |       |       |  2792 |  3243 |  1742 |  2705 || 10482
       Demon whip        |       |       |       |       |       |       |       |       |  2715 ||  2715
 Fire: Greatsling        |       |       |       |       |       |       |    11 |     4 |       ||    15
       Hunting sling     |       |       |       |       |       |       |     7 |       |       ||     7
 Cast: Blink             |       |       |       |       |       |       |       |       |     4 ||     4
Invok: Berserk           |       |     3 |     4 |     4 |     6 |    11 |       |       |       ||    28
       Trog's Hand       |       |       |     2 |     8 |     9 |    13 |     9 |     4 |       ||    45
       Brothers in Arms  |       |       |       |     3 |     3 |     4 |     3 |     1 |     1 ||    15
       Burn Spellbooks   |       |       |       |       |     1 |     1 |       |     2 |       ||     4
       Curse Item        |       |       |       |       |       |       |       |       |     4 ||     4
 Abil: Damnation         |       |       |       |       |       |       |       |       |    13 ||    13
Evoke: Wand              |       |       |       |       |       |     3 |     3 |     2 |     5 ||    13
       Rod               |       |       |       |       |       |       |     2 |       |       ||     2
  Use: Potion            |       |       |     4 |     5 |     7 |    16 |     8 |     3 |    13 ||    56
       Scroll            |       |       |     9 |     4 |     5 |    17 |     8 |    11 |    36 ||    90
 Stab: Distracted        |       |       |       |     1 |       |       |       |       |       ||     1
       Petrifying        |       |       |       |       |       |       |       |       |     1 ||     1
  Eat: Chunk             |       |    11 |    22 |    20 |    43 |    67 |    48 |    31 |    74 ||   316
       Pizza             |       |       |     1 |     1 |     1 |     2 |     1 |       |     3 ||     9
       Beef jerky        |       |       |     1 |     1 |       |     3 |       |     3 |     5 ||    13
       Fruit             |       |       |     1 |       |     1 |     3 |     2 |       |     3 ||    10
       Meat ration       |       |       |       |       |       |     1 |     1 |       |     2 ||     4
       Bread ration      |       |       |       |       |       |       |       |       |     1 ||     1
       Royal jelly       |       |       |       |       |       |       |       |       |     4 ||     4
Armor: Ring mail         |    57 |   113 |    98 |       |       |       |       |       |       ||   268
       Scale mail        |       |       |    16 |       |       |       |       |       |       ||    16
       Plate armour      |       |       |   141 |   561 |   759 |  1699 |   630 |       |       ||  3790
       Crystal plate arm |       |       |       |       |       |       |   955 |   965 |   155 ||  2075
       Gold dragon armou |       |       |       |       |       |       |       |       |  2553 ||  2553
Dodge: Dodged            |    76 |   241 |   347 |   410 |   747 |  1602 |  2003 |  1150 |  3580 || 10156
       Deflected         |       |       |       |       |       |       |    30 |    40 |   128 ||   198
Block: Buckler           |       |       |       |       |       |   325 |   676 |   422 |  2033 ||  3456
